 Dungeon Crawl Stone Soup version 0.23.2-30-g0e89c35649 (webtiles) character file.

Game seed: 100685053523255833

18400 mahrnol the Grappler (level 12, -6/104 HPs)
             Began as a Troll Fighter on June 13, 2019.
             Was a High Priest of Wu Jian.
             Mangled by an ice devil (31 damage)
             ... summoned by an orc sorcerer
             ... on level 2 of the Orcish Mines.
             The game lasted 01:19:55 (9780 turns).

mahrnol the Grappler (Troll Fighter)                Turns: 9780, Time: 01:19:55

Health: -6/104     AC: 10    Str: 27    XL:     12   Next: 27%
Magic:  20/20      EV:  8    Int:  7    God:    Wu Jian [*****.]
Gold:   916        SH: 11    Dex: 10    Spells: 11/11 levels left

rFire    + + .     SeeInvis .     - Unarmed
rCold    x . .     Gourm    +   b - +0 shield
rNeg     . . .     Faith    .   l - +0 fire dragon scales (curse)
rPois    .         Spirit   .   (helmet restricted)
rElec    .         Reflect  .   (no cloak)
rCorr    .         Harm     .   (gloves unavailable)
MR       .....                  (boots unavailable)
Stlth    ..........             L - amulet of the acrobat
HPRegen  0.67/turn              C - ring of magical power (curse)
MPRegen  0.17/turn              I - +4 ring of protection (curse)

@: corroded, lightly drained
A: large, unfitting armour, claws 3, fast metabolism 3, gourmand, regeneration
1, shaggy fur 1, tough skin 3
a: Wall Jump, Serpent's Lash, Heavenly Storm, Renounce Religion


You were on level 2 of the Orcish Mines.
You worshipped Wu Jian.
Wu Jian was extremely pleased with you.
You were completely stuffed.

You visited 3 branches of the dungeon, and saw 15 of its levels.

You collected 1366 gold pieces.
You spent 450 gold pieces at shops.

Inventory:

Hand Weapons
 i - a +3 hunting sling
 O - a +0 fustibalus
Missiles
 m - 18 sling bullets
 n - 38 poisoned needles
 w - 3 throwing nets (quivered)
 x - 20 tomahawks
 J - 8 javelins of returning
Armour
 b - a +0 shield (worn)
 l - cursed +0 fire dragon scales (worn)
 U - a +1 robe of positive energy
Jewellery
 C - a cursed ring of magical power (left claw)
 G - the amulet of the Air {Inacc +Fly rElec EV+5 RMsl}
   (You found it on level 7 of the Dungeon)

   [amulet of inaccuracy]

   It reduces the accuracy of all your attacks.
   It affects your evasion (+5).
   It insulates you from electricity.
   It lets you fly.
   It protects you from missiles.
 I - a cursed +4 ring of protection (right claw)
 L - an amulet of the acrobat (around neck)
Wands
 v - a wand of digging (7)
 B - a wand of random effects (23)
 F - a wand of paralysis (17)
 H - a wand of acid (5)
 T - a wand of flame (20)
Scrolls
 f - 2 scrolls of enchant armour {unknown}
 g - 7 scrolls of identify
 h - 8 scrolls of teleportation
 o - 3 scrolls of magic mapping
 q - a scroll of fear {unknown}
 r - 3 scrolls of blinking {unknown}
 s - 3 scrolls of remove curse {unknown}
 z - 2 scrolls of immolation {unknown}
 D - a scroll of torment {unknown}
 E - 2 scrolls of amnesia {unknown}
 Q - a scroll of vulnerability {unknown}
 S - a scroll of holy word {unknown}
Potions
 c - a potion of might
 e - 4 potions of heal wounds {unknown}
 j - 3 potions of haste
 k - 2 potions of brilliance {unknown}
 p - a potion of invisibility {unknown}
 t - 2 potions of curing
 u - 3 potions of lignification {unknown}
 A - 2 potions of flight {unknown}
 M - a potion of cancellation {unknown}
Comestibles
 a - 12 chunks of flesh
 d - 23 rations


   Skills:
 - Level 2.5(2.1) Fighting
 + Level 7.2(6.7) Armour
 - Level 4.0(3.5) Dodging
 + Level 1.5(1.1) Stealth
 + Level 8.3(7.8) Shields
 + Level 14.6(14.0) Unarmed Combat


You had 11 spell levels left.
You didn't know any spells.
Your spell library was empty.

Dungeon Overview and Level Annotations

Branches:
Dungeon (12/15)            Temple (1/1) D:4            Lair (0/6) D:8
    Orc (2/2) D:9             Elf (0/3) Orc:2

Altars:
Ashenzari
Cheibriados
Dithmenos
Elyvilon
Fedhas
Gozag
Hepliaklqana
Kikubaaqudgha
Makhleb
Nemelex Xobeh
Okawaru
Qazlal
Ru
Sif Muna
Trog
Uskayaw
Vehumet
Wu Jian
Xom
Yredelemnul
Zin
The Shining One
Beogh

Shops:
D:5 }   D:9 =   D:11 ?   Orc:2 !?

Annotations:
D:11 1 runed translucent door, exclusion: oklob sapling, shugdite's ghost, journeyman MiMo


Innate Abilities, Weirdness & Mutations

You are too large for most types of armour.
You have claws for hands.
Your metabolism is lightning-fast.
You like to eat raw meat.
Your natural rate of healing is unusually fast.
You are covered in fur. (AC +1)
You have extremely tough skin. (AC +3)


Message History

The bolt of negative energy hits you!
You feel drained.
You closely miss the orc sorcerer. The orc sorcerer casts a spell at you.
The bolt of fire hits you. You resist.
Some of the chunks of flesh in your inventory have rotted away.
You scratch the orc sorcerer.
The orc sorcerer is lightly wounded.
You block the orc warrior's attack.
The orc sorcerer mumbles some strange words.
You spin and attack the ice devil.
You scratch the ice devil but do no damage.
The ice devil hits you! The ice devil freezes you!!
You feel a terrible chill!
You closely miss the orc sorcerer.
The orc sorcerer is lightly wounded.
You scratch the orc sorcerer.
The orc sorcerer is lightly wounded.
The ice devil hits you!
* * * LOW HITPOINT WARNING * * *
The ice devil freezes you!!
You feel a terrible chill!
You die...

...#...## .....#.∩##
##..#.....# .o ##.....#.∩#
#o# ##....#...# ...#
##...#....# #...#
##........# ###### #...#
##.).###).##
##.##.####..o###@..###).##
........###...#o4.###).##
.........## #o#.###..## .
.#........###.o.###.)## ..
..#........###.###..## ...
.##.#.......#####..## ....
##...........###.)## .....
#.............#)))##......
.....#)........))).[......


You could see an ice devil, 2 orc sorcerers and an orc warrior.

Vanquished Creatures
  An orc warlord (Orc:2)
  A centaur warrior (D:12)
  2 two-headed ogres
  An orc high priest (Orc:2)
  An unseen horror (D:12)
  Pikel (D:5)
  An orc knight (Orc:2)
  An orc sorcerer (D:9)
  2 deep elf magi
  An ugly thing (D:11)
  A rust devil (Orc:2)
  A gargoyle (D:12)
  2 orange demons (Orc:2)
  A hippogriff (D:9)
  A spriggan (D:7)
  A shadow (D:11)
  A vampire (D:9)
  A hungry ghost (D:8)
  A chaos spawn (Orc:2)
  Menkaure (D:5)
  2 water moccasins
  An ice beast (D:11)
  3 sky beasts
  26 orc warriors
  2 necrophages
  A black bear (D:8)
  8 ogres
  7 centaurs
  A big kobold (D:7)
  3 bullfrogs
  A wyvern zombie (D:12)
  A gnoll sergeant (D:6)
  5 killer bees (D:10)
  A scorpion (D:11)
  13 wights
  3 howler monkeys
  2 bullfrog zombies
  3 centaur zombies
  5 crimson imps
  A quasit (D:9)
  31 orc priests
  6 hounds
  Crazy Yiuf (D:3)
  4 jellies
  20 orc wizards
  2 iguanas (D:10)
  13 worker ants
  A killer bee zombie (D:6)
  3 hound skeletons
  2 worker ant zombies
  Robin (D:3)
  5 gnolls (D:6)
  16 adders
  A shadow imp (D:7)
  3 oozes
  An adder skeleton (D:6)
  A worm (D:6)
  5 dart slugs
  8 leopard geckos
  62 orcs
  5 bats
  7 giant cockroaches
  18 goblins
  15 hobgoblins
  7 jackals
  9 kobolds
  4 quokkas
  9 ball pythons
  5 frilled lizards
  A jackal skeleton (D:6)
  A leopard gecko skeleton (D:4)
  7 rats
  A toadstool (D:1)
387 creatures vanquished.

Vanquished Creatures (others)
  3 plants (D:11)
  3 toadstools (D:1)
6 creatures vanquished.

Grand Total: 393 creatures vanquished

Notes
Turn   | Place    | Note
-------+----------+-------------------------------------------
     0 | D:1      | mahrnol the Troll Fighter began the quest for the Orb.
     0 | D:1      | Reached XP level 1. HP: 22/22 MP: 0/0
   203 | D:1      | Reached XP level 2. HP: 29/29 MP: 1/1
   693 | D:1      | Reached XP level 3. HP: 36/36 MP: 2/2
  1027 | D:2      | Reached XP level 4. HP: 32/44 MP: 3/3
  1031 | D:2      | Reached skill level 3 in Unarmed Combat
  1552 | D:3      | Reached XP level 5. HP: 36/50 MP: 4/4
  1776 | D:3      | Found a runed translucent door.
  1777 | D:3      | Noticed Crazy Yiuf
  1880 | D:3      | Reached skill level 4 in Unarmed Combat
  1935 | D:3      | Noticed Robin
  1941 | D:3      | Killed Robin
  2015 | D:3      | Found a faded altar of an unknown god.
  2158 | D:3      | Killed Crazy Yiuf
  2158 | D:3      | Reached XP level 6. HP: 46/59 MP: 5/5
  2200 | D:4      | Found an opulent altar of Gozag.
  2460 | D:4      | Found a staircase to the Ecumenical Temple.
  2470 | Temple   | Entered the Ecumenical Temple
  2556 | Temple   | Became a worshipper of the Wu Jian Council
  2759 | D:5      | Entered Level 5 of the Dungeon
  2839 | D:5      | Noticed Menkaure
  2844 | D:5      | Killed Menkaure
  2844 | D:5      | Reached skill level 5 in Unarmed Combat
  2844 | D:5      | Reached XP level 7. HP: 29/66 MP: 6/6
  3033 | D:5      | Reached skill level 1 in Armour
  3033 | D:5      | Reached skill level 1 in Stealth
  3040 | D:5      | Noticed Pikel
  3131 | D:5      | Found a stormy altar of Qazlal.
  3169 | D:5      | Found Aguta's Gadget Shop.
  3181 | D:5      | Killed Pikel
  3181 | D:5      | Reached skill level 6 in Unarmed Combat
  3181 | D:5      | Reached XP level 8. HP: 74/74 MP: 7/7
  3401 | D:6      | Reached * piety under Wu Jian
  3404 | D:6      | Reached skill level 7 in Unarmed Combat
  3481 | D:6      | Noticed a deep elf mage
  4109 | D:6      | Reached skill level 5 in Shields
  4109 | D:6      | Reached skill level 8 in Unarmed Combat
  4189 | D:6      | Killed a deep elf mage
  4189 | D:6      | Reached XP level 9. HP: 46/80 MP: 8/8
  4261 | D:7      | Reached ** piety under Wu Jian
  4584 | D:7      | Reached skill level 9 in Unarmed Combat
  4726 | D:7      | Found the amulet of the Air {Inacc +Fly rElec EV+5 RMsl}
  5021 | D:8      | Reached skill level 5 in Armour
  5265 | D:8      | Found a staircase to the Lair.
  5306 | D:8      | Found a shimmering altar of Xom.
  5307 | D:8      | Found a shimmering altar of Xom.
  5308 | D:8      | Found a shimmering altar of Xom.
  5308 | D:8      | Found a shimmering altar of Xom.
  5308 | D:8      | Found a shimmering altar of Xom.
  5309 | D:8      | Found a shimmering altar of Xom.
  5309 | D:8      | Found a shimmering altar of Xom.
  5337 | D:8      | Found a shimmering altar of Xom.
  5419 | D:8      | Reached skill level 10 in Unarmed Combat
  5519 | D:8      | Reached XP level 10. HP: 70/88 MP: 9/9
  5843 | D:9      | Reached *** piety under Wu Jian
  5968 | D:9      | Found a staircase to the Orcish Mines.
  6091 | D:9      | Found a roughly hewn altar of Beogh.
  6203 | D:9      | Found Komogrup's Jewellery Shop.
  6209 | D:9      | Bought an uncursed amulet of the acrobat for 420 gold
                  | pieces
  6321 | D:10     | Entered Level 10 of the Dungeon
  6418 | D:10     | You fall through a shaft for 2 floors!
  6426 | D:12     | Noticed a gargoyle
  6429 | D:11     | Noticed a cyan ugly thing
  6478 | D:11     | Reached skill level 11 in Unarmed Combat
  6736 | D:10     | Noticed a two-headed ogre
  6744 | D:10     | Killed a two-headed ogre
  6861 | D:10     | Reached **** piety under Wu Jian
  7311 | D:11     | Noticed a deep elf mage
  7370 | D:11     | Found a runed translucent door.
  7370 | D:11     | Noticed shugdite's ghost (journeyman MiMo)
  7389 | D:11     | Killed a cyan ugly thing
  7402 | D:11     | Killed a deep elf mage
  7402 | D:11     | Reached skill level 12 in Unarmed Combat
  7402 | D:11     | Reached XP level 11. HP: 65/94 MP: 10/10
  7592 | D:11     | Found Unam's Magic Scroll Emporium.
  7595 | D:11     | Bought a scroll of identify for 30 gold pieces
  8027 | D:12     | Noticed a two-headed ogre
  8041 | D:12     | Killed a two-headed ogre
  8050 | D:12     | Noticed a centaur warrior
  8061 | D:12     | Killed a centaur warrior
  8082 | D:12     | Killed an unseen horror
  8082 | D:12     | Reached skill level 13 in Unarmed Combat
  8196 | Orc:1    | Entered Level 1 of the Orcish Mines
  8196 | Orc:1    | Noticed an orc sorcerer
  8224 | D:9      | Killed an orc sorcerer
  8356 | Orc:1    | Found a bloodstained altar of Trog.
  8634 | Orc:1    | Reached ***** piety under Wu Jian
  8869 | Orc:2    | Entered Level 2 of the Orcish Mines
  8869 | Orc:2    | Found a staircase to the Elven Halls.
  9328 | Orc:2    | Found Qiusul's Magic Scroll Emporium.
  9361 | Orc:2    | Noticed an orc knight
  9448 | Orc:2    | Killed an orc knight
  9448 | Orc:2    | Reached skill level 14 in Unarmed Combat
  9509 | Orc:2    | Noticed an orc warlord
  9518 | Orc:2    | Reached XP level 12. HP: 104/104 MP: 11/11
  9553 | Orc:2    | Killed an orc warlord
  9671 | Orc:2    | Found Lalosuj's Distillery.
  9737 | Orc:2    | Noticed an orc high priest
  9751 | Orc:2    | Killed an orc high priest
  9780 | Orc:2    | Mangled by an ice devil

Skill      XL: |  1  2  3  4  5  6  7  8  9 10 11 12 |
---------------+-------------------------------------+-----
Shields        | 3 4 5 6 7 8 |  8.3
Unarmed Combat | 3 4 5 6 8 10 12 14 | 14.6
Dodging        | 3 4 |  4.0
Armour         | 2 3 5 6 7 |  7.2
Stealth        | 1 |  1.5
Fighting       | |  2.5

Action                   |  1- 3 |  4- 6 |  7- 9 | 10-12 || total
-------------------------+-------+-------+-------+-------++-------
Melee: Unarmed           |   137 |   187 |   350 |   754 ||  1428
Invok: Lunge             |       |     2 |    46 |    72 ||   120
       Whirlwind         |       |       |    51 |   223 ||   274
 Abil: Wall Jump         |       |       |     1 |     2 ||     3
  Use: Scroll            |       |       |       |     3 ||     3
 Stab: Sleeping          |       |     3 |       |       ||     3
  Eat: Chunk             |    15 |    15 |    28 |    47 ||   105
Armor: Robe              |    54 |    44 |       |       ||    98
       Fire dragon scale |       |       |    98 |   179 ||   277
Dodge: Dodged            |    33 |    52 |    49 |   162 ||   296
Block: Shield            |    70 |    68 |   126 |   243 ||   507
